 Dungeon Crawl Stone Soup version 0.19-a0-1937-g70ed36a (webtiles) character file.

137 tv1990 the Chopper (level 5, -3/41 HPs)
             Began as a Formicid Monk on Oct 26, 2016.
             Slain by emiel's ghost (7 damage)
             ... on level 5 of the Dungeon.
             The game lasted 00:07:01 (2209 turns).

tv1990 the Chopper (Formicid Monk)                  Turns: 2209, Time: 00:07:02

Health: -3/41      AC:  6    Str: 13 (15) XL:     5   Next: 43%
Magic:  5/5        EV: 12    Int:  7 (10) God:
Gold:   47         SH:  0    Dex: 11 (14) Spells: 0 memorised, 4 levels left

rFire  . . .     SeeInvis +     a - +0 hand axe
rCold  . . .     Gourm    .     q - +0 mottled dragon scales
rNeg   . . .     Faith    .     (no shield)
rPois  .         Spirit   .     (helmet unavailable)
rElec  .         Reflect  .     (no cloak)
rCorr  .         Harm     .     (no gloves)
MR     .....                    (no boots)
Stlth  ++........               (no amulet)
                                (no ring)
                                (no ring)

@: no status effects
A: permanent stasis, dig shafts and tunnels, four strong arms, antennae 3
a: Dig, Shaft Self


You were on level 5 of the Dungeon.
You were very hungry.

You visited 1 branch of the dungeon, and saw 4 of its levels.

You collected 47 gold pieces.

Inventory:

Hand Weapons
 a - a +0 hand axe (weapon)
Armour
 q - +0 mottled dragon scales (worn)
Jewellery
 g - an uncursed ring of protection from cold {unknown}
Scrolls
 d - a scroll of random uselessness {unknown}
 f - a scroll of magic mapping {unknown}
 l - a scroll of immolation {unknown}
 p - 2 scrolls of enchant armour {unknown}
 r - a scroll of fear {unknown}
 t - a scroll of amnesia {unknown}
Potions
 k - 2 potions of mutation
 o - a potion of lignification {unknown}
 s - a potion of might {unknown}
Comestibles
 c - 3 bread rations


   Skills:
 - Level 3.2 Fighting
 + Level 5.7 Axes
 - Level 2.6 Dodging
 - Level 2.4 Stealth


You had 4 spell levels left.
You didn't know any spells.

Dungeon Overview and Level Annotations

Branches:
Dungeon (3/15)

Altars:

Annotations:
D:3 kae's ghost, amateur DsGl
D:5 emiel's ghost, novice FoFi


Innate Abilities, Weirdness & Mutations

You are under a permanent stasis effect.
You can dig through walls and to a lower floor.
Your four strong arms can wield two-handed weapons with a shield.
You have a pair of large antennae on your head. (SInv)


Message History

* * * LOW HITPOINT WARNING * * *
It was a potion of berserk rage.
You cannot go berserk while under stasis.
Emiel's ghost misses you.
It was a potion of degeneration.
There was something very wrong with that liquid.
You feel weakened.
You feel dopey.
You feel clumsy. Emiel's ghost hits you!
* * * LOW HITPOINT WARNING * * *
It was a potion of cure mutation.
It has a very clean taste.
You feel agile.
Your vision sharpens a little.
Your vision sharpens.
Emiel's ghost says very slowly, "There's no hope."
Emiel's ghost hits you.
* * * LOW HITPOINT WARNING * * *
Are you sure you want to shaft yourself?
You are feeling very hungry.
Emiel's ghost wails.
You begin to dig a shaft.
You continue digging a shaft.
Emiel's ghost hits you!
You die...

.##........##
...........#
#####....#.#
#[#.##.#
#......#
###.#### #.#
#.###########
#.#
.......@W...#
#.#
#.####.##.#.#
#.# #.
#.#.###.# #.
#.......# #.
###.##### #.{
...# ## #####


You could see emiel's ghost.

Vanquished Creatures
  An orc wizard (D:3)
  5 adders
  An adder zombie (D:5)
  A worm (D:2)
  A dart slug (D:2)
  2 leopard geckos
  3 orcs (D:3)
  3 ball pythons (D:1)
  A giant cockroach (D:1)
  2 goblins
  7 hobgoblins
  8 jackals
  2 kobolds (D:2)
  A quokka (D:2)
  6 frilled lizards
  9 rats
53 creatures vanquished.

Notes
Turn   | Place    | Note
-------+----------+-------------------------------------------
     0 | D:1      | tv1990 the Formicid Monk began the quest for the Orb.
     0 | D:1      | Reached XP level 1. HP: 18/18 MP: 1/1
   226 | D:1      | Reached XP level 2. HP: 19/24 MP: 2/2
   641 | D:1      | Reached skill level 4 in Axes
   641 | D:1      | Reached XP level 3. HP: 26/29 MP: 3/3
  1387 | D:2      | Reached XP level 4. HP: 31/35 MP: 4/4
  1689 | D:2      | Reached skill level 5 in Axes
  1936 | D:3      | Reached XP level 5. HP: 34/41 MP: 5/5
  2136 | D:3      | Noticed kae's ghost (amateur DsGl)
  2142 | D:3      | Gained mutation: Scrolls take you a little longer to read. [potion of mutation]
  2142 | D:3      | Gained mutation: You are clumsy. (Dex -2) [potion of mutation]
  2142 | D:3      | Gained mutation: Scrolls take you longer to read. [potion of mutation]
  2161 | D:3      | You fall through a shaft for 2 floors!
  2161 | D:5      | Entered Level 5 of the Dungeon
  2161 | D:5      | Noticed emiel's ghost (novice FoFi)
  2194 | D:5      | Lost mutation: You are clumsy. (Dex -2) [potion of cure mutation]
  2194 | D:5      | Lost mutation: Scrolls take you longer to read. [potion of cure mutation]
  2194 | D:5      | Lost mutation: Scrolls take you a little longer to read. [potion of cure mutation]
  2194 | D:5      | HP: 2/41 [emiel's ghost (5)]
  2209 | D:5      | Slain by emiel's ghost

Skill      XL: |  1  2  3  4 |
---------------+-------------+-----
Axes           | 4 5 |  5.7
Fighting       | |  3.2
Dodging        | |  2.6
Stealth        | |  2.4

Action                   |  1- 3 |  4- 6 || total
-------------------------+-------+-------++-------
Melee: Hand axe          |    91 |   129 ||   220
 Abil: Dig               |       |     1 ||     1
       Shaft Self        |       |     2 ||     2
  Use: Potion            |       |     7 ||     7
 Stab: Sleeping          |     4 |     3 ||     7
  Eat: Chunk             |     1 |     3 ||     4
Armor: Robe              |     8 |       ||     8
       Mottled dragon sc |    11 |    41 ||    52
       Leather armour    |     1 |       ||     1
Dodge: Dodged            |    55 |    82 ||   137

Table legend:
 A = Turns spent in this place as a percentage of turns spent in the entire game.
 B = Non-inter-level travel turns spent in this place as a percentage of non-inter-level travel turns spent in the entire game.
 C = Inter-level travel turns spent in this place as a percentage of turns spent in this place.
 D = Turns resting spent in this place as a percentage of non-inter-level travel turns spent in this place.
 E = Turns spent auto-exploring this place as a percentage of non-inter-level travel turns spent in this place.
 F = Non-inter-level travel turns spent in this place divided by the number of levels of this place that you've seen.
                   A       B       C       D       E      F
               +-------+-------+-------+-------+-------+----------------------
         Total | 100.0 | 100.0 |   0.4 |   3.7 |  12.5 | 142.2
       Dungeon | 100.0 | 100.0 |   0.4 |   3.7 |  12.5 | 142.2
               +-------+-------+-------+-------+-------+----------------------

Table legend:
 A = Kills in this place as a percentage of kills in entire the game.
 B = Kills by you in this place as a percentage of kills by you in the entire game.
 C = Kills by friends in this place as a percentage of kills by friends in the entire game.
 D = Other kills in this place as a percentage of other kills in the entire game.
 E = Experience gained in this place as a percentage of experience gained in the entire game.
 F = Experience gained in this place divided by the number of levels of this place that you have seen.
                   A       B       C       D       E      F
               +-------+-------+-------+-------+-------+----------------------
         Total | 100.0 | 100.0 |  -nan |  -nan | 100.0 |  49.0
       Dungeon | 100.0 | 100.0 |  -nan |  -nan | 100.0 |  49.0
               +-------+-------+-------+-------+-------+----------------------

Vault maps used:
D:1:      mushboom_english_gardens, minmay_shallow_snake_nest
D:5:      lemuel_insect_pit, slow_altar_2, first_bread,
          kennysheep_generic_room_3, uniq_grinder
